← All builds
Air / Legion / Economy first / OBSERVED BUILD

Standard air

Legion Air build order · Supreme Isthmus

Legion air player opens with Drone Plant and builds up economy with an Advanced Metal Extractor around 7 minutes, mostly holding off aircraft production early while supporting the team with transports and later Noctua bombers or other…

Usually no aircraft (83%)

#eco #air #team support · 52 distinct matches · 31 players · 78% of Legion Air games · team won 61% of 59 · Recently observed

HOW TO PLAY IT

Key timing: Legion Drone Plant by 1:21

  1. Take mex and wind while queuing the drone plant early.
  2. Get the drone plant up before 1:33 to start the economy base.
  3. Add an advanced mex to keep scaling economy for the team.
  4. Bring a fusion reactor online to support later tech.
  5. Supply allies with Noctua, Aeolus and Hippotes while building Noctua bombers.

Phase by phase

TYPICAL OF ITS 52 GAMES
  1. 1
  2. 2
  3. 3
PLAY THE OPENING

Follow the example game's first 6:00 step by step: what to build now, what comes next, and where it goes. At 1× it keeps pace with your own game.

  1. 1

    Up to the Legion Drone Plant

    Economy
    • Metal Extractor3Mex
    • Wind Turbine4Wind
    Order
    1. Legion Drone PlantLegion Drone Plant after 3 mex, 4 winddone ~1:24, middle half 1:16–1:35

    Some games also: energy storage (32%)

    By 1:03 in all: 3 mex · 4 wind

    The example game in this phase · 4 steps
    1. Mex ×3
    2. Wind ×3
    3. Energy storage
    4. Legion Drone PlantLegion Drone Plantdone 1:29 · typical 1:24
  2. 2

    Legion Drone Plant to 5:00

    Economy
    • Metal Extractor1Mex
    • Wind Turbine11Wind
    • Wind Turbine3Wind
    • Energy Storage1Energy storage
    Builders
    • Construction Turret2 Con turret
    • Legion Construction Aircraft1 Legion Construction Aircraft
    Army
    • Noctua11 Noctua
    • Noctua2 Noctua for allies
    • Aeolus2 Aeolus for allies
    • Hippotes1 Hippotes for allies

    Some games also: converter (36%) · mex (32%) · con turret (31%)

    By 5:00 in all: 3 mex · 1 mex · 15 wind · 3 wind · 1 energy storage · 2 con turret

    The example game in this phase · 26 steps
    1. NoctuaNoctua ×2for Beach sea
    2. NoctuaNoctua
    3. Wind
    4. AeolusAeolusfor Geo sea
    5. HippotesHippotesfor Beach sea
    6. AeolusAeolusfor Tech
    7. NoctuaNoctua
    8. Wind ×2
    9. Mex
    10. Wind
    11. Legion Construction AircraftLegion Construction Aircraft
    12. Wind ×2
    13. NoctuaNoctua ×2
    14. Con turret
    15. Wind ×2
    16. Con turret
    17. Wind ×2
    18. Con turret
    19. NoctuaNoctua
    20. Wind ×3
    21. NoctuaNoctua
    22. Converter
    23. NoctuaNoctua
    24. Wind
    25. Converter
    26. NoctuaNoctua
  3. 3

    5:00 to 10:00

    Economy
    • Wind Turbine18Wind
    • Wind Turbine2Wind
    • Energy Converter7Converter
    Order
    1. Legion Drone PlantEat Legion Drone Plant in 75% of games
    Builders
    • Construction Turret3 Con turret
    Army
    • Noctua21 Noctua

    Some games also: Legion Drone Plant (47%) · fusion (41%) · aeolus (36%) · mosquito (34%) · Legion Construction Aircraft (34%)

    By 10:00 in all: 3 mex · 1 mex · 24 wind · 20 wind · 8 converter · 1 energy storage

    The example game in this phase · 125 steps
    1. Wind
    2. Converter
    3. NoctuaNoctua
    4. Wind ×2
    5. Converter
    6. NoctuaNoctua
    7. Wind
    8. AeolusAeolus
    9. Wind
    10. AeolusAeolus
    11. Wind ×2
    12. Converter
    13. Wind
    14. Advanced Metal ExtractorT2 mexdone 5:59 · typical 7:03
    15. Legion Drone PlantEat Legion Drone Plantreclaimed for its metal
    16. Advanced Metal ExtractorT2 mex
    17. Converter
    18. Wind
    19. Advanced Metal ExtractorT2 mex
    20. Wind
    21. Converter
    22. Wind ×3
    23. Converter
    24. Advanced Metal ExtractorT2 mex
    25. Fusion ReactorFusiondone 8:28 · typical 10:29
    26. Con turret ×2
    27. Aircraft PlantAircraft Plantdone 8:37
    28. Construction AircraftCon aircraft ×6
    29. Con turret ×3
    30. Converter
    31. Construction AircraftCon aircraft
    32. Converter
    33. Construction AircraftCon aircraft
    34. Converter ×2
    35. Construction AircraftCon aircraft
    36. Converter ×3
    37. Construction AircraftCon aircraft
    38. Converter ×2
    39. BlinkScout plane
    40. Converter
    41. BlinkScout plane ×2
    42. Converter
    43. FalconFighter ×3
    44. Con turret ×2
    45. FalconFighter
    46. Con turret ×2
    47. FalconFighter
    48. Converter
    49. FalconFighter
    50. Converter
    51. Converter ×5
    52. Wind
    53. Converter
    54. Wind ×7
    55. Converter
    56. Wind ×2
    57. Con turret ×2
    58. Con turret
    59. Wind
    60. Con turret
    61. Wind ×2
    62. Con turret
    63. Wind ×21
    64. Fusion ReactorFusion
    65. Wind ×14
    66. Aircraft PlantEat Aircraft Plantreclaimed for its metal
    67. Wind ×5
    68. Converter
    69. Wind ×2
    70. Converter
    71. Wind
    72. Converter
    73. Wind ×2
    74. Converter ×3
    75. Wind
    76. Converter
    77. Wind ×3
    78. Legion Bot LabLegion Bot Labdone 12:03
    79. Wind ×4
    80. Legion Bot LabEat Legion Bot Labreclaimed for its metal
    81. Wind ×3
    82. Legion Drone PlantLegion Drone Plantdone 12:17
    83. Wind ×8
    84. NoctuaNoctua ×4
    85. Wind ×2
    86. NoctuaNoctua ×9
    87. Wind
    88. NoctuaNoctua ×14
    89. Wind ×4
    90. NoctuaNoctua
    91. Wind ×4
    92. NoctuaNoctua
    93. Wind
    94. Advanced Aircraft PlantAdvanced Aircraft Plantdone 13:23
    95. Wind
    96. Legion Drone PlantEat Legion Drone Plantreclaimed for its metal
    97. Wind ×8
    98. BlizzardBlizzard
    99. Wind ×5
    100. BlizzardBlizzard
    101. Wind ×6
    102. StilettoStilettodone 13:54
    103. Wind ×7
    104. BlizzardBlizzard
    105. Wind ×3
    106. BlizzardBlizzard
    107. Wind ×6
    108. BlizzardBlizzard
    109. Wind ×4
    110. BlizzardBlizzard
    111. HighwindHighwind
    112. Wind ×4
    113. HighwindHighwind
    114. Wind ×3
    115. HighwindHighwind
    116. Wind
    117. HighwindHighwind
    118. Wind ×2
    119. HighwindHighwind
    120. Wind ×2
    121. OracleOracle
    122. Wind
    123. HighwindHighwind
    124. Wind ×3
    125. HighwindHighwind

Counts are medians over the build's games: half of them build more, half fewer. The example game is enderOS1's (32 OS, 13/09/2026); pick another.

Team trades

IN AT LEAST 30% OF ITS GAMES

You hand over

  • Noctua2 Noctua to Geo or Geo sea or Beach seafirst at 1:50 · in 92% of games
  • Aeolus3 Aeolus to Tech or Geo sea or Beach seafirst at 2:18 · in 100% of games
  • Hippotes1 Hippotes to Beach seafirst at 2:33 · in 61% of games

You get

  • Wind Turbine3 Wind from Beach sea or Geo seafirst at 1:28 · in 39% of games
  • Wind Turbine2 Wind from Geo sea or Beach seafirst at 1:31 · in 41% of games
  • Construction Bot1 Con bot from Techfirst at 2:24 · in 76% of games
  • Advanced Construction Bot1 T2 con bot from Techfirst at 6:03 · in 85% of games

How it plays out

Typical game of this build, running totals by minute

Metal produced

010k20k30k
0:005:0010:0015:00

metal

Enemy metal destroyed

01k2k3k
0:005:0010:0015:00

metal

Own metal lost

01k2k3k
0:005:0010:0015:00

metal

59 games.

Show as table
ByMetal produced: This buildEnemy metal destroyed: This buildOwn metal lost: This build
1:0039100
2:0091500
3:00145000
4:0020234040
5:0027096080
6:003519145120
7:004740212150
8:006308255200
9:008574360206
10:0011072433360
11:0013546609411
12:0016288721720
13:00189829011300
14:002236313291575
15:002559821702023
WHAT THE NUMBERS SAY

This Legion air baseline wins half its games, with far lower losses and kills than the front-facing roles by 15:00.

  • + Lowest own metal lost among air builds shown, 1850 by 15:00.
  • − Enemy metal destroyed stays low at 2055 by 15:00, little offensive impact.
THE EXAMPLE YOU ARE READING

enderOS1

32.5 OS · 13/09/2026

Open source match ↗

8 received units · includes a constructor
204 metal received · 36670 energy received

Allied construction assistance is unknown. Timings are observations, not a promise of solo reproducibility.

Typical milestones

Legion Drone Plant1:24Middle 50%: 1:16–1:35 · n=59
Advanced Metal Extractor7:03Middle 50%: 6:25–7:36 · n=51
Fusion Reactor10:29Middle 50%: 9:47–11:41 · n=33

Played most by

Hunfore6games of this buildBoozha5games of this buildTheGeneraI5games of this buildXuunnY5games of this buildAlexspeed3games of this build